 Dungeon Crawl Stone Soup version 0.29-a0-337-g68df138881 (webtiles) character file.

Game seed: 14351694366362973766

1100 zishaf the Grave Robber (level 8, -1/75 HPs)
             Began as a Deep Dwarf Necromancer on Apr 16, 2022.
             Slain by an ogre
             ... wielding a +0 giant spiked club
              (14 damage)
             ... on level 5 of the Dungeon.
             The game lasted 00:09:40 (4718 turns).

zishaf the Grave Robber (Deep Dwarf Necromancer)    Turns: 4718, Time: 00:09:41

Health: -1/75      AC:  5    Str: 13    XL:     8   Next: 10%
Magic:  0/11       EV: 12    Int: 17    God:
Gold:   122        SH:  0    Dex: 19    Spells: 7/11 levels left

rFire   . . .      SeeInvis .   C - +3 short sword (vorpal)
rCold   . . .      Faith    .   (no shield)
rNeg    . . .      Spirit   .   a - +0 robe
rPois   .          Reflect  .   E - +0 helmet
rElec   .          Harm     .   k - +0 cloak
rCorr   .          Rampage  .   y - +0 pair of gloves
Will    ++...                   (no boots)
Stlth   ++........              m - amulet of the acrobat
HPRegen 0.00/turn               r - ring of willpower
MPRegen 0.12/turn               g - +6 ring of dexterity

@: mighty
A: damage resistance, heal wounds, sense surroundings 1, no regeneration
a: Heal Wounds


You were on level 5 of the Dungeon.
You visited 1 branch of the dungeon, and saw 5 of its levels.

You collected 161 gold pieces.
You spent 39 gold pieces at shops.

Inventory:

Hand Weapons
 d - a +0 club
 h - a +0 dagger
 s - a +0 vampiric dagger
 v - a +0 hand axe of venom
 C - a +3 vorpal short sword (weapon)
Missiles
 j - 7 boomerangs (quivered)
 w - a throwing net
Armour
 a - a +0 robe (worn)
 i - a +0 leather armour
 k - a +0 cloak (worn)
 q - a scarf of shadows
 u - a +0 buckler
 y - a +0 pair of gloves (worn)
 E - a +0 helmet (worn)
Jewellery
 g - a +6 ring of dexterity (right hand)
 m - an amulet of the acrobat (around neck)
 r - a ring of willpower (left hand)
 z - a ring of see invisible
 F - an amulet of magic regeneration
Wands
 x - a wand of flame (21)
Scrolls
 n - a scroll of amnesia
Potions
 b - a potion of magic
 e - 3 potions of curing
 l - a potion of lignification
 o - a potion of attraction {unknown}
 p - 2 potions of degeneration {unknown}
 t - 2 potions of flight {unknown}
 G - a potion of berserk rage {unknown}


   Skills:
 + Level 5.4 Fighting
 + Level 3.7 Armour
 - Level 2.1 Dodging
 - Level 2.4 Stealth
 + Level 3.8 Shields
 - Level 2.0 Spellcasting
 - Level 7.0 Necromancy


You had 7 spell levels left.
You knew the following spells:

 Your Spells              Type           Power      Damage    Failure   Level
a - Pain                  Necr           100%       1d9       1%          1
b - Vampiric Draining     Necr           25%        2d7       3%          3

Your spell library contained the following spells:

 Spells                   Type           Power      Damage    Failure   Level
 Animate Skeleton         Necr           50%        N/A       1%          1
 Corpse Rot               Necr/Air       26%        N/A       7%          2
 Animate Dead             Necr           12%        N/A       11%         4
 Ensorcelled Hibernation  Hex/Ice        2%         N/A       28%         2
 Passwall                 Tmut/Erth      0%         N/A       28%         2
 Poisonous Vapours        Pois/Air       2%         N/A       28%         2
 Agony                    Necr           25%        N/A       30%         5
 Ignite Poison            Fire/Tmut/Pois 1%         N/A       50%         3
 Mephitic Cloud           Conj/Pois/Air  1%         N/A       50%         3
 Swiftness                Air            1%         N/A       50%         3
 Freezing Cloud           Conj/Ice/Air   0%         6-21      99%         5


Dungeon Overview and Level Annotations

Branches:
Dungeon (5/15)
 Temple: D:4-7

Altars:

Shops:
D:3 !


Innate Abilities, Weirdness & Mutations

You are resistant to damage.
You can heal yourself by infusing magical energy.
You passively map a small area around you.
You do not regenerate.


Message History

Aiming: Vampiric Draining (dangerous; 3% risk of failure)
Press: ? - help, Shift-Dir - straight line, f/p - Pikel
Aim: Pikel, wielding a +0 whip of freezing and wearing a +0 robe (almost dead)
You draw life force from Pikel.
You feel life coursing into your body.
Pikel hits you with a +0 whip of freezing!
* * * LOW HITPOINT WARNING * * *
Pikel freezes you.
* * * LOW HITPOINT WARNING * * *
Casting: Vampiric Draining (dangerous; 3% risk of failure)
Confirm with . or Enter, or press ? or * to list all spells.
You don't have enough magic to cast this spell.
You hit Pikel.
Pikel is almost dead.
Pikel barely misses you.
You hit Pikel but do no damage.
Pikel is almost dead.
Pikel barely misses you.
You puncture Pikel!
You kill Pikel!
With Pikel's spell broken, his former minion thanks you for its freedom.
The lemure departs this earthly plane.
Your Fighting skill increases to level 5!
Your Armour skill gained 2 levels and is now at level 3!
Your Shields skill increases to level 3!
You have reached level 8!
You feel stronger.
Okay, then.
You feel very mighty all of a sudden.
You puncture the ogre!
The ogre is severely wounded.
The ogre hits you with a +0 giant spiked club!
* * * LOW HITPOINT WARNING * * *
Casting: Vampiric Draining (dangerous; 3% risk of failure)
Confirm with . or Enter, or press ? or * to list all spells.
Aiming: Vampiric Draining (dangerous; 3% risk of failure)
Press: ? - help, Shift-Dir - straight line, f - ogre
Aim: an ogre, wielding a +0 giant spiked club (black smoke, severely wounded)
You draw life force from the ogre!
You feel life coursing into your body.
The ogre hits you with a +0 giant spiked club!
You die...

## .# *..##
..# ##
..##.##
#.....## *
#####§.....##
#.@O.§......#
######.....##
*#....#*
.....# ,
,..... .....
.... .... ,


You could see an ogre.

Vanquished Creatures
  Pikel (D:5)
  Sigmund (D:4)
  3 lemures
  Dowan (D:5)
  3 hounds
  An orc priest (D:4)
  Jessica (D:3)
  Terence (D:3)
  4 orc wizards (D:4)
  Robin (D:3)
  3 gnolls (D:4)
  3 worms
  2 dart slugs
  8 orcs
  3 endoplasms
  5 giant cockroaches
  14 goblins
  11 hobgoblins
  4 jackals
  2 quokkas
  7 ball pythons
  6 bats
  2 frilled lizards (D:3)
  9 kobolds
  6 rats
102 creatures vanquished.

Notes
Turn   | Place    | Note
-------+----------+-------------------------------------------
     0 | D:1      | zishaf the Deep Dwarf Necromancer began the quest for the
                  | Orb.
     0 | D:1      | Reached XP level 1. HP: 15/15 MP: 3/3
   170 | D:1      | Found a faded altar of an unknown god.
   321 | D:1      | Reached XP level 2. HP: 18/24 MP: 1/5
   574 | D:1      | Reached skill level 1 in Fighting
  1104 | D:2      | Reached XP level 3. HP: 20/31 MP: 1/6
  1108 | D:2      | Learned a level 3 spell: Vampiric Draining
  1268 | D:2      | Reached skill level 5 in Necromancy
  1585 | D:3      | Noticed Terence
  1595 | D:3      | Killed Terence
  1596 | D:3      | Reached XP level 4. HP: 33/39 MP: 0/7
  2166 | D:3      | Noticed Robin
  2329 | D:3      | Reached XP level 5. HP: 28/48 MP: 2/8
  2334 | D:3      | Killed Robin
  2411 | D:3      | Noticed Jessica
  2412 | D:3      | Found Amofel's Distillery.
  2415 | D:3      | Killed Jessica
  2473 | D:3      | Bought a potion of curing for 39 gold pieces
  2788 | D:3      | Reached skill level 6 in Necromancy
  3173 | D:4      | Noticed Sigmund
  3179 | D:4      | Killed Sigmund
  3180 | D:4      | Reached XP level 6. HP: 57/57 MP: 2/9
  3710 | D:4      | Reached skill level 1 in Shields
  3784 | D:4      | Reached skill level 1 in Armour
  3784 | D:4      | Reached skill level 7 in Necromancy
  3784 | D:4      | Reached XP level 7. HP: 29/66 MP: 0/10
  4272 | D:5      | Entered Level 5 of the Dungeon
  4375 | D:5      | Noticed Dowan
  4512 | D:5      | Killed Dowan
  4607 | D:5      | Noticed Pikel
  4693 | D:5      | HP: 2/66 [lemure[Pikel] (4)]
  4715 | D:5      | Killed Pikel
  4716 | D:5      | Reached skill level 5 in Fighting
  4716 | D:5      | Reached XP level 8. HP: 19/75 MP: 2/11
  4718 | D:5      | Slain by an ogre

Illustrated notes

Levels and vault maps discovered:
D:1:      dpeg_arrival_tiny_c, layout_loops_ring,
          chequers_ecumenical_altar_island, minivault_11
D:2:      layout_rooms, chequers_serial_rivers_small_3
D:3:      minmay_evil_eye, layout_rooms, serial_shops, shop,
          grunt_decor_clamped, uniq_jessica, uniq_robin, uniq_terence
D:4:      layout_loops_ring, serial_forest, infiniplex_forest_clump_tiny,
          infiniplex_forest_straight_5, infiniplex_forest_clump_small,
          infiniplex_forest_end_1, infiniplex_forest_straight_2, ldierk_geyser,
          chequers_serial_rivers_room_b, minmay_strange_pillars,
          minmay_misc_feat_iff, uniq_sigmund
D:5:      layout_layer_cave, gammafunk_ghost_smash, serial_shops,
          kennysheep_little_box, uniq_pikel, uniq_duvessa

Skill      XL: |  1  2  3  4  5  6  7 |
---------------+----------------------+-----
Spellcasting   | 2 |  2.0
Fighting       | 1 2 4 5 |  5.4
Necromancy     | 5 6 7 |  7.0
Shields        | 1 3 |  3.8
Armour         | 1 3 |  3.7
Dodging        | |  2.1
Stealth        | |  2.4

Action                   |  1- 3 |  4- 6 |  7- 9 || total
-------------------------+-------+-------+-------++-------
Melee: Dagger            |    97 |   224 |    38 ||   359
       Unarmed           |     2 |       |       ||     2
       Club              |     1 |       |       ||     1
       Punch             |     1 |     4 |     2 ||     7
       Short sword       |       |       |    43 ||    43
Throw: Boomerang         |     2 |       |       ||     2
 Cast: Pain              |    44 |       |       ||    44
       Vampiric Draining |     5 |    34 |    21 ||    60
 Abil: Heal Wounds       |       |     1 |     1 ||     2
  Use: Scroll            |       |    12 |     1 ||    13
       Potion            |       |       |     1 ||     1
 Stab: Sleeping          |     1 |     4 |       ||     5
       Distracted        |       |     1 |       ||     1
Armor: Robe              |    20 |    69 |    19 ||   108
Dodge: Dodged            |    57 |   191 |    74 ||   322

Table legend: (Time is in decaauts)
 A = Elapsed time spent in this place.
 B = Non-inter-level travel time spent in this place.
 C = Inter-level travel time spent in this place.
 D = Time resting spent in this place.
 E = Time spent auto-exploring this place.
 F = Levels seen in this place.
 G = Mean time per level.
                   A        B        C        D        E       F      G
               +--------+--------+--------+--------+--------+-----+--------+
         Total |   4735 |   4530 |    205 |    500 |   2803 |   5 |  947.0 |
       Dungeon |   4735 |   4530 |    205 |    500 |   2803 |   5 |  947.0 |
               +--------+--------+--------+--------+--------+-----+--------+

Top non-repeatable levels by time:
     D:4: 1635 daAuts
     D:3: 1326 daAuts
     D:1: 959 daAuts
     D:2: 630 daAuts
     D:5: 183 daAuts
